[ AOE2 MATCH · #471464541 ]
UnrankedTeutons vs Malay
[ REPLAY ANALYSIS · EXTRACTED FROM THE RECORDED GAME ]
Feudal
9:02
Castle
27:46
Imperial
34:47
| APM avg | 28.4 |
| APM peak | 63 |
| eAPM avg | 18.0 |
| Villagers / military | 171 / 72 |
Focus
⚔️ 32.1% · 🌾 67.9%
Teutonic Knight ×52 · Archer ×8 · Spearman ×6 · Trebuchet (Packed) ×4 · Monk ×1 · Skirmisher ×1
Feudal
8:11
Castle
30:32
Imperial
—
| APM avg | 29.8 |
| APM peak | 67 |
| eAPM avg | 19.4 |
| Villagers / military | 96 / 35 |
Focus
⚔️ 37.3% · 🌾 62.7%
Karambit Warrior ×17 · Spearman ×14 · Militia ×4
Feudal
10:35
Castle
14:03
Imperial
32:57
| APM avg | 37.6 |
| APM peak | 88 |
| eAPM avg | 21.2 |
| Villagers / military | 158 / 176 |
Focus
⚔️ 35.0% · 🌾 65.0%
Knight ×165 · Camel Scout ×5 · Monk ×2 · Petard ×2 · Scout Cavalry ×2
Feudal
10:12
Castle
26:19
Imperial
30:58
| APM avg | 23.8 |
| APM peak | 58 |
| eAPM avg | 15.2 |
| Villagers / military | 155 / 74 |
Focus
⚔️ 21.9% · 🌾 78.1%
Knight ×71 · Trebuchet (Packed) ×3
Feudal
11:52
Castle
16:53
Imperial
34:29
| APM avg | 18.6 |
| APM peak | 44 |
| eAPM avg | 13.1 |
| Villagers / military | 178 / 256 |
Focus
⚔️ 27.1% · 🌾 72.9%
Spearman ×177 · Hand Cannoneer ×60 · Knight ×15 · Battering Ram ×2 · Monk ×1 · Trebuchet (Packed) ×1
Feudal
12:19
Castle
16:30
Imperial
37:46
| APM avg | 40.4 |
| APM peak | 104 |
| eAPM avg | 17.1 |
| Villagers / military | 119 / 132 |
Focus
⚔️ 33.3% · 🌾 66.7%
Spearman ×63 · Hand Cannoneer ×54 · Bombard Cannon ×10 · Mangonel ×3 · Monk ×2
Match map
Initial resources + every placement click. Lines = walls · curves = elevation contours. ◆ gold · ⬟ stone · ● berries · ✦ relic · ◌ wall gap
Your base· ✓ Closed at 27:46 · 0t walls · 2 gate(s)
God Of The Sea People's base· ✓ Closed at 30:32 · 34t walls · 4 gate(s)
elpanditm's base· ✓ Closed at 14:03 · 0t walls · 3 gate(s)
El Boss's base· ✓ Closed at 26:19 · 0t walls · 2 gate(s)
maharjansunil72's base· ✓ Closed at 16:53 · 0t walls · 3 gate(s)
edukratos23's base· ✓ Closed at 16:30 · 51t walls · 3 gate(s)
Smoothed initial terrain · ◌ = detected wall gap · hover for details
Inputs per minute
— elsalvadordelaoe - - God Of The Sea People
Build order — elsalvadordelaoe
First 150 of 424 actions detected
| 0:01 | Create | Villager (Male) |
| 0:01 | Create | Villager (Male) |
| 0:02 | Create | Villager (Male) |
| 0:02 | Create | Villager (Male) |
| 0:04 | Build | House |
| 0:05 | Build | House |
| 1:38 | Create | Villager (Male) |
| 1:38 | Create | Villager (Male) |
| 2:05 | Create | Villager (Male) |
| 2:07 | Create | Villager (Male) |
| 2:10 | Build | Lumber Camp |
| 2:35 | Create | Villager (Male) |
| 2:35 | Create | Villager (Male) |
| 2:38 | Build | House |
| 3:11 | Create | Villager (Male) |
| 3:11 | Create | Villager (Male) |
| 3:11 | Create | Villager (Male) |
| 3:26 | Build | House |
| 3:49 | Create | Villager (Male) |
| 4:22 | Create | Villager (Male) |
| 5:12 | Build | Mill |
| 5:12 | Create | Villager (Male) |
| 5:12 | Create | Villager (Male) |
| 5:13 | Create | Villager (Male) |
| 5:37 | Create | Villager (Male) |
| 5:37 | Create | Villager (Male) |
| 6:19 | Create | Villager (Male) |
| 6:20 | Create | Villager (Male) |
| 6:25 | Research | Loom |
| 6:52 | Research | Feudal Age |
| 7:39 | Build | Mining Camp |
| 7:47 | Create | Villager (Male) |
| 8:33 | Create | Villager (Male) |
| 8:43 | Create | Villager (Male) |
| 8:56 | Build | House |
| 8:58 | Create | Villager (Male) |
| 9:02 | Age | Feudal Age |
| 9:06 | Build | Watch Tower |
| 9:23 | Build | Barracks |
| 9:26 | Create | Villager (Male) |
| 9:29 | Create | Villager (Male) |
| 9:37 | Research | Double-Bit Axe |
| 10:12 | Create | Villager (Male) |
| 10:51 | Build | Blacksmith |
| 10:56 | Create | Villager (Male) |
| 11:09 | Build | Watch Tower |
| 11:48 | Create | Villager (Male) |
| 11:59 | Build | Farm |
| 11:59 | Build | Farm |
| 12:23 | Create | Villager (Male) |
| 12:37 | Build | House |
| 12:53 | Build | Watch Tower |
| 13:04 | Build | Archery Range |
| 13:13 | Create | Villager (Male) |
| 13:13 | Create | Villager (Male) |
| 13:14 | Create | Villager (Male) |
| 14:14 | Create | Villager (Male) |
| 14:14 | Create | Villager (Male) |
| 14:15 | Create | Villager (Male) |
| 14:46 | Create | Villager (Male) |
| 15:24 | Create | Archer |
| 15:24 | Create | Archer |
| 16:19 | Create | Villager (Male) |
| 16:20 | Create | Villager (Male) |
| 16:20 | Create | Villager (Male) |
| 16:33 | Create | Villager (Male) |
| 16:48 | Build | Farm |
| 16:49 | Build | Farm |
| 16:57 | Build | Lumber Camp |
| 16:58 | Create | Villager (Male) |
| 17:15 | Create | Villager (Male) |
| 17:36 | Build | House |
| 17:39 | Create | Skirmisher |
| 17:45 | Build | Watch Tower |
| 17:52 | Research | Wheelbarrow |
| 17:54 | Research | Horse Collar |
| 17:58 | Build | Lumber Camp |
| 18:02 | Build | House |
| 18:03 | Build | House |
| 18:11 | Build | Mining Camp |
| 18:14 | Create | Villager (Male) |
| 18:35 | Build | Watch Tower |
| 19:24 | Build | House |
| 19:29 | Build | House |
| 19:30 | Build | House |
| 19:37 | Research | Fletching |
| 19:50 | Build | House |
| 19:57 | Build | Farm |
| 20:01 | Build | Farm |
| 20:02 | Create | Villager (Male) |
| 20:02 | Create | Villager (Male) |
| 20:03 | Create | Villager (Male) |
| 20:14 | Build | Watch Tower |
| 20:30 | Create | Villager (Male) |
| 20:55 | Create | Archer |
| 21:04 | Build | House |
| 21:20 | Create | Villager (Male) |
| 21:20 | Create | Villager (Male) |
| 21:43 | Build | House |
| 21:50 | Create | Villager (Male) |
| 22:01 | Build | Mill |
| 22:02 | Build | Farm |
| 22:03 | Build | Farm |
| 22:03 | Build | Farm |
| 22:03 | Build | Farm |
| 22:04 | Build | Farm |
| 22:14 | Build | Mill |
| 22:15 | Build | Farm |
| 22:15 | Build | Farm |
| 22:15 | Build | Farm |
| 22:16 | Build | Farm |
| 22:16 | Build | Farm |
| 22:17 | Build | Farm |
| 22:19 | Build | House |
| 22:47 | Create | Archer |
| 22:52 | Create | Villager (Male) |
| 23:10 | Build | Farm |
| 23:11 | Build | Farm |
| 23:11 | Build | Farm |
| 23:12 | Build | Farm |
| 23:12 | Build | Farm |
| 23:20 | Create | Archer |
| 23:26 | Create | Villager (Male) |
| 23:27 | Create | Villager (Male) |
| 24:01 | Create | Villager (Male) |
| 24:06 | Build | Market |
| 24:24 | Create | Archer |
| 24:39 | Create | Villager (Male) |
| 25:01 | Research | Castle Age |
| 25:51 | Create | Villager (Male) |
| 25:51 | Create | Villager (Male) |
| 26:01 | Create | Archer |
| 26:09 | Create | Villager (Male) |
| 26:15 | Research | Gold Mining |
| 26:18 | Research | Stone Mining |
| 26:31 | Create | Spearman |
| 26:45 | Create | Archer |
| 27:43 | Create | Spearman |
| 27:46 | Age | Castle Age |
| 28:25 | Build | Town Center |
| 28:40 | Create | Villager (Male) |
| 28:43 | Research | Bow Saw |
| 28:45 | Research | Heavy Plow |
| 28:49 | Research | Hand Cart |
| 29:04 | Create | Villager (Male) |
| 29:13 | Create | Villager (Male) |
| 29:22 | Build | Castle |
| 29:26 | Build | Mining Camp |
| 29:45 | Create | Villager (Male) |
| 29:45 | Create | Villager (Male) |
Build order — God Of The Sea People
First 150 of 240 actions detected
| 0:03 | Create | Villager (Male) |
| 0:03 | Create | Villager (Male) |
| 0:04 | Create | Villager (Male) |
| 0:05 | Create | Villager (Male) |
| 0:05 | Create | Villager (Male) |
| 0:06 | Build | House |
| 0:53 | Build | House |
| 0:53 | Build | House |
| 0:54 | Build | House |
| 1:36 | Create | Villager (Male) |
| 1:36 | Create | Villager (Male) |
| 2:23 | Build | Lumber Camp |
| 2:28 | Create | Villager (Male) |
| 2:28 | Create | Villager (Male) |
| 3:01 | Create | Villager (Male) |
| 3:20 | Create | Villager (Male) |
| 3:50 | Create | Villager (Male) |
| 3:50 | Create | Villager (Male) |
| 4:06 | Create | Villager (Male) |
| 4:06 | Create | Villager (Male) |
| 4:24 | Create | Villager (Male) |
| 4:47 | Create | Villager (Male) |
| 4:48 | Create | Villager (Male) |
| 5:29 | Create | Villager (Male) |
| 5:39 | Build | Mill |
| 5:58 | Create | Villager (Male) |
| 6:02 | Research | Loom |
| 6:53 | Research | Feudal Age |
| 7:52 | Build | Barracks |
| 8:11 | Age | Feudal Age |
| 8:14 | Create | Villager (Male) |
| 8:35 | Create | Villager (Male) |
| 8:41 | Build | House |
| 8:42 | Build | House |
| 8:43 | Create | Villager (Male) |
| 8:49 | Create | Militia |
| 8:53 | Create | Spearman |
| 9:21 | Build | Mining Camp |
| 9:23 | Create | Militia |
| 9:39 | Build | Stone Wall |
| 9:48 | Create | Militia |
| 10:11 | Build | Mining Camp |
| 10:36 | Create | Villager (Male) |
| 11:11 | Create | Militia |
| 11:49 | Create | Villager (Male) |
| 12:03 | Build | Watch Tower |
| 12:06 | Create | Villager (Male) |
| 13:02 | Create | Villager (Male) |
| 13:45 | Create | Villager (Male) |
| 13:54 | Create | Villager (Male) |
| 14:11 | Build | Farm |
| 14:11 | Build | Farm |
| 14:35 | Create | Villager (Male) |
| 14:38 | Build | Blacksmith |
| 15:11 | Create | Villager (Male) |
| 15:12 | Create | Villager (Male) |
| 15:14 | Build | Farm |
| 15:17 | Build | Farm |
| 15:18 | Create | Villager (Male) |
| 15:41 | Create | Villager (Male) |
| 16:27 | Create | Villager (Male) |
| 16:28 | Create | Villager (Male) |
| 16:28 | Create | Villager (Male) |
| 16:44 | Build | Watch Tower |
| 16:51 | Build | Watch Tower |
| 16:56 | Create | Spearman |
| 16:56 | Create | Spearman |
| 16:56 | Create | Spearman |
| 17:00 | Build | Stone Wall |
| 17:03 | Build | Stone Wall |
| 17:06 | Build | Barracks |
| 17:19 | Create | Villager (Male) |
| 17:27 | Build | Gate |
| 17:30 | Build | Stone Wall |
| 17:32 | Build | Stone Wall |
| 17:34 | Build | Stone Wall |
| 17:41 | Build | Stone Wall |
| 17:44 | Build | Gate |
| 18:21 | Build | Stone Wall |
| 18:31 | Build | Farm |
| 18:32 | Build | Farm |
| 18:40 | Create | Villager (Male) |
| 18:47 | Build | House |
| 19:30 | Build | Blacksmith |
| 19:33 | Build | House |
| 19:34 | Build | House |
| 19:38 | Create | Villager (Male) |
| 19:42 | Build | Market |
| 20:01 | Build | Watch Tower |
| 20:06 | Build | Watch Tower |
| 20:08 | Create | Villager (Male) |
| 20:26 | Create | Villager (Male) |
| 20:55 | Create | Villager (Male) |
| 21:19 | Build | House |
| 21:22 | Build | House |
| 21:25 | Build | House |
| 21:42 | Create | Villager (Male) |
| 21:43 | Create | Villager (Male) |
| 21:45 | Build | Farm |
| 21:46 | Build | Farm |
| 21:47 | Build | Farm |
| 21:48 | Build | Farm |
| 21:50 | Build | Farm |
| 21:54 | Build | Farm |
| 21:58 | Research | Double-Bit Axe |
| 22:02 | Research | Horse Collar |
| 22:05 | Build | Farm |
| 22:24 | Build | Stone Wall |
| 22:36 | Build | House |
| 22:37 | Build | House |
| 22:41 | Create | Villager (Male) |
| 22:42 | Create | Villager (Male) |
| 22:58 | Create | Spearman |
| 23:11 | Build | Farm |
| 23:14 | Build | House |
| 23:15 | Build | House |
| 23:15 | Build | House |
| 23:17 | Create | Villager (Male) |
| 23:37 | Create | Spearman |
| 23:38 | Create | Spearman |
| 23:44 | Create | Spearman |
| 24:33 | Create | Villager (Male) |
| 24:34 | Create | Villager (Male) |
| 24:42 | Build | Farm |
| 24:43 | Build | Farm |
| 24:46 | Build | Farm |
| 24:47 | Build | Farm |
| 24:52 | Build | Farm |
| 24:53 | Build | Farm |
| 24:55 | Create | Villager (Male) |
| 25:29 | Research | Fletching |
| 25:41 | Create | Villager (Male) |
| 25:41 | Create | Villager (Male) |
| 25:44 | Build | Farm |
| 25:45 | Build | Farm |
| 26:07 | Create | Villager (Male) |
| 26:11 | Create | Villager (Male) |
| 26:19 | Create | Spearman |
| 26:19 | Create | Spearman |
| 26:20 | Create | Villager (Male) |
| 26:21 | Create | Villager (Male) |
| 26:36 | Create | Villager (Male) |
| 26:58 | Create | Villager (Male) |
| 27:07 | Research | Wheelbarrow |
| 28:56 | Research | Castle Age |
| 29:29 | Create | Villager (Male) |
| 29:56 | Build | Stone Wall |
| 30:02 | Create | Villager (Male) |
| 30:03 | Create | Villager (Male) |
| 30:32 | Age | Castle Age |
Build order — elpanditm
First 150 of 498 actions detected
| 0:01 | Create | Villager (Male) ×5 |
| 0:03 | Build | House |
| 0:05 | Build | House |
| 1:22 | Create | Villager (Male) |
| 1:22 | Create | Villager (Male) |
| 1:56 | Build | Lumber Camp |
| 2:10 | Create | Villager (Male) |
| 2:27 | Create | Villager (Male) |
| 3:09 | Create | Villager (Male) |
| 3:16 | Build | House |
| 3:21 | Create | Villager (Male) |
| 3:21 | Create | Villager (Male) |
| 3:51 | Build | House |
| 4:02 | Create | Villager (Male) |
| 4:26 | Build | Mill |
| 4:30 | Create | Villager (Male) |
| 4:53 | Create | Villager (Male) |
| 5:07 | Create | Villager (Male) |
| 5:07 | Create | Villager (Male) |
| 5:35 | Create | Villager (Male) |
| 5:37 | Create | Villager (Male) |
| 5:38 | Create | Villager (Male) |
| 5:38 | Create | Villager (Male) |
| 6:02 | Create | Villager (Male) |
| 6:32 | Create | Villager (Male) |
| 6:56 | Create | Villager (Male) |
| 7:23 | Build | Mining Camp |
| 7:46 | Create | Villager (Male) |
| 7:47 | Create | Villager (Male) |
| 8:29 | Build | Farm |
| 8:31 | Research | Feudal Age |
| 8:35 | Build | House |
| 8:52 | Build | Farm |
| 8:56 | Build | Farm |
| 8:59 | Build | Farm |
| 10:06 | Create | Villager (Male) |
| 10:06 | Create | Villager (Male) |
| 10:34 | Build | Farm |
| 10:35 | Age | Feudal Age |
| 10:43 | Build | Market |
| 10:47 | Build | Blacksmith |
| 11:37 | Research | Castle Age |
| 12:13 | Research | Double-Bit Axe |
| 12:24 | Build | Farm |
| 12:26 | Build | Barracks |
| 12:49 | Research | Horse Collar |
| 13:55 | Create | Villager (Male) |
| 13:58 | Build | Stable |
| 14:03 | Age | Castle Age |
| 14:09 | Build | Town Center |
| 14:24 | Create | Villager (Male) |
| 14:26 | Create | Villager (Male) |
| 14:53 | Create | Knight |
| 14:54 | Create | Knight |
| 14:55 | Create | Villager (Male) |
| 14:57 | Build | House |
| 15:17 | Research | Bow Saw |
| 15:18 | Create | Villager (Male) |
| 15:25 | Build | Farm |
| 15:30 | Build | House |
| 15:33 | Create | Knight |
| 15:38 | Build | Farm |
| 15:39 | Build | Farm |
| 15:43 | Build | Farm |
| 15:54 | Create | Villager (Male) |
| 16:13 | Create | Villager (Male) |
| 16:17 | Build | Farm |
| 16:18 | Create | Villager (Male) |
| 16:22 | Build | Farm |
| 16:29 | Build | House |
| 16:30 | Create | Villager (Male) |
| 16:42 | Create | Villager (Male) |
| 16:45 | Build | Farm |
| 16:58 | Create | Knight |
| 17:19 | Create | Villager (Male) |
| 17:20 | Create | Villager (Male) |
| 17:28 | Build | Farm |
| 17:29 | Build | Farm |
| 17:30 | Build | Farm |
| 17:31 | Create | Villager (Male) |
| 17:34 | Build | Farm |
| 17:42 | Create | Villager (Male) |
| 17:45 | Build | House |
| 18:06 | Create | Villager (Male) |
| 18:08 | Create | Villager (Male) |
| 18:13 | Build | Farm |
| 18:14 | Build | Farm |
| 18:15 | Build | Farm |
| 18:17 | Create | Villager (Male) |
| 18:22 | Build | Lumber Camp |
| 18:25 | Create | Villager (Male) |
| 18:28 | Build | House |
| 18:32 | Create | Knight |
| 18:53 | Create | Villager (Male) |
| 18:54 | Create | Villager (Male) |
| 18:57 | Build | Farm |
| 19:08 | Create | Knight |
| 19:10 | Create | Villager (Male) |
| 19:12 | Build | Farm |
| 19:15 | Create | Villager (Male) |
| 19:32 | Create | Villager (Male) |
| 19:36 | Build | House |
| 19:46 | Build | Lumber Camp |
| 19:48 | Create | Villager (Male) |
| 19:50 | Create | Villager (Male) |
| 19:58 | Build | Farm |
| 20:05 | Build | Lumber Camp |
| 20:07 | Create | Villager (Male) |
| 20:08 | Create | Villager (Male) |
| 20:21 | Create | Villager (Male) |
| 20:22 | Create | Villager (Male) |
| 20:25 | Build | House |
| 21:05 | Create | Camel Scout |
| 21:06 | Create | Camel Scout |
| 21:18 | Research | Forging |
| 21:19 | Create | Villager (Male) |
| 21:19 | Create | Villager (Male) |
| 21:20 | Create | Villager (Male) |
| 21:27 | Build | Mill |
| 21:28 | Build | Farm |
| 21:28 | Build | Farm |
| 21:28 | Build | Farm |
| 21:29 | Build | Farm |
| 21:29 | Build | Farm |
| 21:29 | Build | Farm |
| 21:38 | Build | Stable |
| 21:40 | Create | Villager (Male) |
| 21:41 | Create | Villager (Male) |
| 21:51 | Create | Villager (Male) |
| 21:52 | Create | Villager (Male) |
| 22:02 | Build | Mill |
| 22:04 | Build | Farm |
| 22:04 | Build | Farm |
| 22:04 | Build | Farm |
| 22:05 | Build | Farm |
| 22:05 | Build | Farm |
| 22:06 | Create | Villager (Male) |
| 22:07 | Create | Villager (Male) |
| 22:07 | Create | Villager (Male) |
| 22:10 | Build | House |
| 22:16 | Create | Scout Cavalry |
| 22:37 | Create | Villager (Male) |
| 22:39 | Create | Villager (Male) |
| 22:40 | Create | Villager (Male) |
| 22:49 | Build | Mill |
| 22:50 | Build | Farm |
| 22:50 | Build | Farm |
| 22:51 | Build | Farm |
| 22:51 | Build | Farm |
| 22:51 | Build | Farm |
Build order — El Boss
First 150 of 395 actions detected
| 0:02 | Create | Villager (Male) |
| 0:05 | Build | House |
| 0:09 | Build | House |
| 0:19 | Create | Villager (Male) |
| 0:19 | Create | Villager (Male) |
| 0:19 | Create | Villager (Male) |
| 0:23 | Build | House |
| 0:30 | Build | House |
| 1:42 | Create | Villager (Male) |
| 1:43 | Create | Villager (Male) |
| 2:03 | Create | Villager (Male) |
| 2:03 | Create | Villager (Male) |
| 2:35 | Research | Loom |
| 2:53 | Create | Villager (Male) |
| 3:20 | Create | Villager (Male) |
| 3:31 | Build | Lumber Camp |
| 3:48 | Create | Villager (Male) |
| 4:16 | Create | Villager (Male) |
| 4:17 | Create | Villager (Male) |
| 5:05 | Create | Villager (Male) |
| 5:05 | Create | Villager (Male) |
| 5:27 | Create | Villager (Male) |
| 5:53 | Build | Mill |
| 6:00 | Create | Villager (Male) |
| 6:41 | Create | Villager (Male) |
| 6:42 | Create | Villager (Male) |
| 7:20 | Create | Villager (Male) |
| 7:44 | Build | Farm |
| 7:49 | Build | Farm |
| 7:58 | Research | Feudal Age |
| 8:11 | Build | Mining Camp |
| 9:13 | Build | House |
| 9:14 | Build | House |
| 9:41 | Create | Villager (Male) |
| 9:42 | Create | Villager (Male) |
| 10:12 | Age | Feudal Age |
| 10:16 | Research | Double-Bit Axe |
| 10:29 | Build | Blacksmith |
| 10:47 | Build | Watch Tower |
| 10:57 | Create | Villager (Male) |
| 10:58 | Create | Villager (Male) |
| 11:18 | Research | Fletching |
| 11:21 | Create | Villager (Male) |
| 11:55 | Create | Villager (Male) |
| 12:00 | Build | Farm |
| 12:31 | Create | Villager (Male) |
| 12:31 | Create | Villager (Male) |
| 13:03 | Build | Watch Tower |
| 13:12 | Create | Villager (Male) |
| 13:52 | Create | Villager (Male) |
| 13:52 | Create | Villager (Male) |
| 14:50 | Build | Watch Tower |
| 14:57 | Create | Villager (Male) |
| 14:57 | Create | Villager (Male) |
| 15:50 | Create | Villager (Male) |
| 15:51 | Create | Villager (Male) |
| 15:59 | Build | House |
| 16:59 | Create | Villager (Male) |
| 16:59 | Create | Villager (Male) |
| 17:00 | Create | Villager (Male) |
| 17:21 | Build | Mining Camp |
| 17:32 | Build | House |
| 17:36 | Research | Horse Collar |
| 17:59 | Build | House |
| 18:05 | Create | Villager (Male) |
| 18:05 | Create | Villager (Male) |
| 18:16 | Build | Farm |
| 18:17 | Build | Farm |
| 18:18 | Build | Farm |
| 18:20 | Build | Farm |
| 18:21 | Build | Farm |
| 18:22 | Build | Farm |
| 18:24 | Build | Farm |
| 18:37 | Research | Stone Mining |
| 18:45 | Build | Farm |
| 18:46 | Build | Farm |
| 18:46 | Build | Farm |
| 18:47 | Build | Farm |
| 18:48 | Build | Farm |
| 18:49 | Build | Farm |
| 18:57 | Build | Farm |
| 18:57 | Build | Farm |
| 19:01 | Create | Villager (Male) |
| 19:01 | Create | Villager (Male) |
| 19:07 | Build | Farm |
| 19:08 | Build | Farm |
| 19:09 | Build | Farm |
| 19:47 | Create | Villager (Male) |
| 19:47 | Create | Villager (Male) |
| 19:52 | Build | Mining Camp |
| 20:26 | Create | Villager (Male) |
| 20:26 | Create | Villager (Male) |
| 20:29 | Research | Gold Mining |
| 21:30 | Create | Villager (Male) |
| 21:31 | Create | Villager (Male) |
| 22:03 | Create | Villager (Male) |
| 22:13 | Build | Market |
| 22:43 | Create | Villager (Male) |
| 22:43 | Create | Villager (Male) |
| 23:11 | Build | Lumber Camp |
| 23:17 | Build | House |
| 23:18 | Build | House |
| 23:19 | Build | House |
| 23:35 | Research | Castle Age |
| 24:10 | Build | Watch Tower |
| 24:20 | Create | Villager (Male) |
| 24:21 | Create | Villager (Male) |
| 25:09 | Build | Barracks |
| 25:17 | Create | Villager (Male) |
| 25:54 | Build | Mining Camp |
| 26:00 | Build | House |
| 26:01 | Build | House |
| 26:03 | Build | House |
| 26:19 | Age | Castle Age |
| 26:26 | Build | Castle |
| 26:29 | Research | Bow Saw |
| 26:33 | Research | Heavy Plow |
| 26:41 | Build | Town Center |
| 26:49 | Build | Town Center |
| 26:57 | Create | Villager (Male) |
| 26:57 | Create | Villager (Male) |
| 26:58 | Create | Villager (Male) |
| 26:58 | Create | Villager (Male) |
| 26:58 | Create | Villager (Male) |
| 27:48 | Research | Imperial Age |
| 27:53 | Create | Villager (Male) |
| 27:54 | Create | Villager (Male) |
| 27:54 | Create | Villager (Male) |
| 28:09 | Create | Villager (Male) |
| 28:10 | Create | Villager (Male) |
| 28:10 | Create | Villager (Male) |
| 28:35 | Create | Villager (Male) |
| 28:35 | Create | Villager (Male) |
| 28:46 | Build | Town Center |
| 28:52 | Build | Farm |
| 28:53 | Build | Farm |
| 28:54 | Build | Farm |
| 28:55 | Build | Farm |
| 28:56 | Build | Farm |
| 28:57 | Build | Farm |
| 28:59 | Build | Farm |
| 29:00 | Build | Farm |
| 29:01 | Build | Farm |
| 29:05 | Research | Wheelbarrow |
| 29:08 | Create | Villager (Male) |
| 29:08 | Create | Villager (Male) |
| 29:09 | Create | Villager (Male) |
| 29:19 | Build | Farm |
| 29:19 | Build | Farm |
| 29:20 | Build | Farm |
Build order — maharjansunil72
First 150 of 344 actions detected
| 0:03 | Create | Villager (Male) |
| 0:03 | Create | Villager (Male) |
| 0:04 | Research | Loom |
| 0:05 | Create | Villager (Male) ×2 |
| 0:05 | Create | Villager (Male) ×2 |
| 0:14 | Build | House |
| 0:43 | Build | Lumber Camp |
| 1:01 | Create | Villager (Male) |
| 1:01 | Create | Villager (Male) |
| 1:56 | Build | House |
| 1:58 | Build | House |
| 2:00 | Build | House |
| 2:05 | Create | Villager (Male) |
| 2:06 | Create | Villager (Male) |
| 2:30 | Create | Villager (Male) |
| 2:53 | Create | Villager (Male) |
| 2:54 | Create | Villager (Male) |
| 3:25 | Create | Villager (Male) |
| 3:25 | Create | Villager (Male) |
| 3:42 | Build | House |
| 3:45 | Build | House |
| 3:51 | Create | Villager (Male) |
| 3:52 | Create | Villager (Male) |
| 4:21 | Create | Villager (Male) |
| 4:22 | Create | Villager (Male) |
| 4:46 | Create | Villager (Male) |
| 4:46 | Create | Villager (Male) |
| 5:08 | Create | Villager (Male) ×2 |
| 5:09 | Create | Villager (Male) ×2 |
| 5:28 | Create | Villager (Male) |
| 5:28 | Create | Villager (Male) |
| 6:04 | Create | Villager (Male) |
| 6:04 | Create | Villager (Male) |
| 7:08 | Build | Lumber Camp |
| 7:12 | Create | Villager (Male) ×5 |
| 8:09 | Build | Mill |
| 9:04 | Create | Villager (Male) |
| 9:30 | Build | Mining Camp |
| 9:35 | Research | Feudal Age |
| 10:58 | Create | Villager (Male) ×5 |
| 11:52 | Age | Feudal Age |
| 12:00 | Build | Market |
| 12:05 | Build | Blacksmith |
| 12:10 | Build | House |
| 12:14 | Build | House |
| 12:16 | Build | House |
| 12:18 | Build | House |
| 12:19 | Build | House |
| 12:20 | Build | House |
| 13:31 | Build | Mining Camp |
| 14:13 | Research | Castle Age |
| 14:18 | Build | Farm |
| 14:19 | Build | Farm |
| 14:20 | Build | Farm |
| 14:21 | Build | Farm |
| 14:23 | Build | Farm |
| 14:24 | Build | Farm |
| 14:25 | Build | Farm |
| 14:37 | Build | Farm |
| 15:06 | Build | Farm |
| 15:37 | Research | Double-Bit Axe |
| 15:49 | Build | Barracks |
| 16:17 | Research | Gold Mining |
| 16:29 | Build | Farm |
| 16:33 | Build | Farm |
| 16:36 | Build | Farm |
| 16:53 | Age | Castle Age |
| 16:59 | Build | Stable |
| 17:22 | Create | Villager (Male) ×4 |
| 17:45 | Create | Knight |
| 17:45 | Create | Knight |
| 18:04 | Build | Farm |
| 18:06 | Build | Farm |
| 18:09 | Build | Farm |
| 18:18 | Research | Forging |
| 18:38 | Create | Knight |
| 18:58 | Create | Villager (Male) |
| 19:19 | Create | Knight |
| 19:22 | Create | Villager (Male) |
| 19:37 | Create | Villager (Male) |
| 19:54 | Build | Farm |
| 19:56 | Create | Knight |
| 19:56 | Create | Knight |
| 21:37 | Research | Wheelbarrow |
| 21:44 | Build | Town Center |
| 22:44 | Create | Knight ×5 |
| 23:13 | Research | Scale Barding Armor |
| 23:16 | Research | Hand Cart |
| 23:21 | Create | Villager (Male) |
| 23:21 | Create | Villager (Male) |
| 23:56 | Build | Monastery |
| 24:02 | Create | Villager (Male) ×5 |
| 24:03 | Create | Villager (Male) ×5 |
| 24:12 | Build | Farm |
| 24:14 | Build | Farm |
| 24:15 | Build | Farm |
| 24:16 | Build | Farm |
| 24:18 | Build | Farm |
| 24:55 | Create | Monk |
| 25:38 | Create | Villager (Male) ×5 |
| 25:38 | Create | Villager (Male) ×5 |
| 25:48 | Build | Town Center |
| 26:01 | Build | Castle |
| 26:38 | Create | Knight ×4 |
| 26:48 | Create | Villager (Male) ×4 |
| 26:48 | Create | Villager (Male) ×4 |
| 26:53 | Build | Farm |
| 26:54 | Build | Farm |
| 26:55 | Build | Farm |
| 26:59 | Build | Farm |
| 27:03 | Build | Farm |
| 27:04 | Build | Farm |
| 27:05 | Build | Farm |
| 27:07 | Build | Mill |
| 27:12 | Create | Villager (Male) ×3 |
| 27:12 | Create | Villager (Male) ×3 |
| 27:16 | Create | Villager (Male) ×2 |
| 28:19 | Research | Town Watch |
| 28:20 | Create | Villager (Male) ×5 |
| 28:20 | Create | Villager (Male) ×5 |
| 28:20 | Create | Villager (Male) ×4 |
| 29:07 | Build | Siege Workshop |
| 29:31 | Create | Villager (Male) ×5 |
| 29:31 | Create | Villager (Male) ×5 |
| 29:32 | Create | Villager (Male) ×5 |
| 29:38 | Build | Farm |
| 29:38 | Build | Farm |
| 29:38 | Build | Farm |
| 29:38 | Build | Farm |
| 29:38 | Build | Farm |
| 29:39 | Build | Farm |
| 29:39 | Build | Farm |
| 29:39 | Build | Farm |
| 29:41 | Build | Farm |
| 29:42 | Build | Farm |
| 29:42 | Build | Farm |
| 29:42 | Build | Farm |
| 29:45 | Build | Farm |
| 29:46 | Build | Farm |
| 29:49 | Build | Farm |
| 29:50 | Build | Farm |
| 29:51 | Build | Farm |
| 30:20 | Build | Mining Camp |
| 30:22 | Create | Battering Ram |
| 31:12 | Research | Imperial Age |
| 31:21 | Build | Farm |
| 31:24 | Build | Farm |
| 31:26 | Build | Farm |
| 31:27 | Build | Farm |
| 31:29 | Build | Farm |
Build order — edukratos23
First 150 of 409 actions detected
| 0:00 | Create | Villager (Male) |
| 0:01 | Create | Villager (Male) |
| 0:01 | Create | Villager (Male) |
| 0:01 | Create | Villager (Male) |
| 0:01 | Create | Villager (Male) |
| 0:03 | Build | House |
| 0:06 | Build | House |
| 1:28 | Create | Villager (Male) |
| 1:46 | Build | Lumber Camp |
| 1:59 | Create | Villager (Male) |
| 2:15 | Create | Villager (Male) |
| 2:47 | Create | Villager (Male) |
| 3:07 | Create | Villager (Male) |
| 3:29 | Build | House |
| 3:36 | Create | Villager (Male) |
| 4:00 | Build | Mill |
| 4:11 | Create | Villager (Male) |
| 4:11 | Create | Villager (Male) |
| 4:35 | Create | Villager (Male) |
| 4:52 | Create | Villager (Male) |
| 5:17 | Create | Villager (Male) |
| 5:35 | Create | Villager (Male) |
| 6:06 | Build | House |
| 6:10 | Create | Villager (Male) |
| 6:44 | Create | Villager (Male) |
| 6:57 | Create | Villager (Male) |
| 7:05 | Build | Farm |
| 7:13 | Create | Villager (Male) |
| 7:34 | Build | House |
| 7:40 | Build | Mining Camp |
| 7:50 | Create | Villager (Male) |
| 8:23 | Build | Palisade Wall |
| 8:29 | Create | Villager (Male) |
| 8:40 | Create | Villager (Male) |
| 9:12 | Create | Villager (Male) |
| 9:32 | Build | House |
| 9:44 | Create | Villager (Male) |
| 9:53 | Research | Feudal Age |
| 10:20 | Build | Palisade Wall |
| 11:10 | Build | Farm |
| 11:14 | Build | Farm |
| 11:50 | Build | Palisade Wall |
| 12:13 | Build | House |
| 12:19 | Age | Feudal Age |
| 12:29 | Build | Market |
| 12:30 | Create | Villager (Male) |
| 12:37 | Create | Villager (Male) |
| 12:47 | Build | Blacksmith |
| 13:04 | Build | Watch Tower |
| 13:10 | Build | Mining Camp |
| 13:22 | Research | Castle Age |
| 13:25 | Research | Loom |
| 13:26 | Research | Castle Age |
| 14:00 | Build | Gate |
| 14:08 | Build | Stone Wall |
| 14:49 | Build | Watch Tower |
| 15:47 | Build | Mill |
| 15:48 | Build | Farm |
| 15:48 | Build | Farm |
| 15:48 | Build | Farm |
| 15:48 | Build | Farm |
| 15:49 | Build | Farm |
| 15:49 | Build | Farm |
| 15:49 | Build | Farm |
| 16:30 | Age | Castle Age |
| 16:40 | Build | Siege Workshop |
| 16:44 | Create | Villager (Male) |
| 16:58 | Create | Villager (Male) |
| 17:24 | Create | Mangonel |
| 17:25 | Create | Villager (Male) |
| 17:42 | Create | Villager (Male) |
| 18:02 | Create | Villager (Male) |
| 18:32 | Create | Villager (Male) |
| 18:44 | Build | Town Center |
| 18:56 | Create | Villager (Male) |
| 19:17 | Create | Villager (Male) |
| 19:37 | Create | Villager (Male) |
| 20:03 | Create | Villager (Male) |
| 20:06 | Create | Mangonel |
| 20:22 | Build | Farm |
| 20:22 | Build | Farm |
| 20:23 | Build | Farm |
| 20:23 | Build | Farm |
| 20:24 | Build | Farm |
| 20:54 | Create | Villager (Male) |
| 21:17 | Build | Farm |
| 21:20 | Create | Villager (Male) |
| 21:21 | Create | Villager (Male) |
| 21:44 | Create | Villager (Male) |
| 21:50 | Build | House |
| 22:08 | Create | Villager (Male) |
| 22:15 | Build | House |
| 22:16 | Build | House |
| 22:22 | Create | Villager (Male) |
| 22:32 | Research | Double-Bit Axe |
| 22:43 | Create | Villager (Male) |
| 22:47 | Create | Mangonel |
| 22:52 | Create | Villager (Male) |
| 22:56 | Build | Farm |
| 23:14 | Create | Villager (Male) |
| 23:20 | Build | House |
| 23:21 | Build | House |
| 23:22 | Build | House |
| 23:28 | Create | Villager (Male) |
| 23:42 | Create | Villager (Male) |
| 24:01 | Create | Villager (Male) |
| 24:18 | Create | Villager (Male) |
| 24:19 | Create | Villager (Male) |
| 24:38 | Create | Villager (Male) |
| 24:39 | Create | Villager (Male) |
| 24:53 | Create | Villager (Male) |
| 25:02 | Build | Stone Wall |
| 25:09 | Create | Villager (Male) |
| 25:14 | Build | University |
| 25:27 | Create | Villager (Male) |
| 25:38 | Build | Farm |
| 25:40 | Build | Farm |
| 25:41 | Create | Villager (Male) |
| 25:49 | Build | Mill |
| 25:50 | Build | Farm |
| 25:51 | Build | Farm |
| 25:51 | Build | Farm |
| 25:52 | Build | Farm |
| 25:53 | Build | Farm |
| 26:05 | Build | Town Center |
| 26:07 | Create | Villager (Male) |
| 26:20 | Create | Villager (Male) |
| 26:23 | Build | House |
| 26:34 | Create | Villager (Male) |
| 26:38 | Build | Farm |
| 26:41 | Build | Farm |
| 26:49 | Create | Villager (Male) |
| 26:52 | Build | Farm |
| 26:56 | Build | Farm |
| 27:00 | Build | Farm |
| 27:01 | Create | Villager (Male) |
| 27:07 | Build | House |
| 27:11 | Build | House |
| 27:13 | Build | House |
| 27:34 | Research | Chemistry |
| 27:39 | Create | Villager (Male) |
| 27:47 | Create | Villager (Male) |
| 27:50 | Create | Villager (Male) |
| 27:50 | Create | Villager (Male) |
| 27:58 | Build | Farm |
| 27:58 | Build | Farm |
| 27:59 | Build | Farm |
| 27:59 | Build | Farm |
| 28:05 | Create | Villager (Male) |
| 28:17 | Create | Villager (Male) |
Match timeline
| 7:52 | God Of The Sea People · first_building Barracks |
| 8:11 | God Of The Sea People · age_up feudal |
| 8:23 | edukratos23 · wall_segment Palisade Wall x23 |
| 9:02 | elsalvadordelaoe · age_up feudal |
| 9:23 | elsalvadordelaoe · first_building Barracks |
| 9:39 | God Of The Sea People · wall_segment Stone Wall x20 |
| 10:12 | El Boss · age_up feudal |
| 10:20 | edukratos23 · wall_segment Palisade Wall x8 |
| 10:35 | elpanditm · age_up feudal |
| 11:50 | edukratos23 · wall_segment Palisade Wall x17 |
| 11:52 | maharjansunil72 · age_up feudal |
| 12:19 | edukratos23 · age_up feudal |
| 12:26 | elpanditm · first_building Barracks |
| 13:04 | elsalvadordelaoe · first_building Archery Range |
| 13:58 | elpanditm · first_building Stable |
| 14:03 | elpanditm · age_up castle |
| 14:08 | maharjansunil72 · first_market_sell 100 wood |
| 14:08 | edukratos23 · wall_segment Stone Wall x4 |
| 14:11 | maharjansunil72 · first_market_buy 100 food |
| 14:23 | edukratos23 · first_market_sell 100 wood |
| 14:25 | edukratos23 · first_market_buy 100 stone |
| 15:49 | maharjansunil72 · first_building Barracks |
| 16:30 | edukratos23 · age_up castle |
| 16:40 | edukratos23 · first_building Siege Workshop |
| 16:53 | maharjansunil72 · age_up castle |
| 16:59 | maharjansunil72 · first_building Stable |
| 17:00 | God Of The Sea People · wall_segment Stone Wall x1 |
| 17:03 | God Of The Sea People · wall_segment Stone Wall x3 |
| 17:30 | God Of The Sea People · wall_segment Stone Wall x1 |
| 17:32 | God Of The Sea People · wall_segment Stone Wall x1 |
| 17:34 | God Of The Sea People · wall_segment Stone Wall x1 |
| 17:41 | God Of The Sea People · wall_segment Stone Wall x4 |
| 18:21 | God Of The Sea People · wall_segment Stone Wall x1 |
| 19:32 | maharjansunil72 · tribute_sent a jugador 1 |
| 19:32 | maharjansunil72 · tribute_sent a jugador 2 |
| 19:32 | maharjansunil72 · tribute_sent a jugador 3 |
| 19:32 | maharjansunil72 · tribute_sent a jugador 4 |
| 19:32 | maharjansunil72 · tribute_sent a jugador 6 |
| 22:24 | God Of The Sea People · wall_segment Stone Wall x2 |
| 23:18 | elpanditm · first_market_buy 100 wood |
| 23:56 | maharjansunil72 · first_building Monastery |
| 24:37 | elpanditm · first_building Monastery |
| 25:02 | edukratos23 · wall_segment Stone Wall x1 |
| 25:09 | El Boss · first_building Barracks |
| 25:20 | God Of The Sea People · first_market_buy 100 food |
| 26:01 | maharjansunil72 · first_building Castle |
| 26:19 | El Boss · age_up castle |
| 26:26 | El Boss · first_building Castle |
| 26:29 | elpanditm · first_market_sell 100 wood |
| 27:37 | El Boss · first_market_sell 100 food |
| 27:46 | elsalvadordelaoe · age_up castle |
| 28:27 | elsalvadordelaoe · first_market_buy 100 stone |
| 28:29 | edukratos23 · first_building Castle |
| 28:33 | elsalvadordelaoe · first_market_sell 100 wood |
| 28:47 | edukratos23 · first_building Barracks |
| 28:50 | God Of The Sea People · first_market_sell 500 wood |
| 29:07 | maharjansunil72 · first_building Siege Workshop |
| 29:22 | elsalvadordelaoe · first_building Castle |
| 29:42 | edukratos23 · first_building Archery Range |
| 29:56 | God Of The Sea People · wall_segment Stone Wall x1 |
| 30:07 | edukratos23 · first_building Monastery |
| 30:32 | God Of The Sea People · age_up castle |
| 30:54 | God Of The Sea People · first_building Archery Range |
| 30:58 | El Boss · age_up imperial |
| 31:44 | God Of The Sea People · first_building Castle |
| 32:30 | maharjansunil72 · first_building Archery Range |
| 32:57 | elpanditm · age_up imperial |
| 33:49 | El Boss · first_building Stable |
| 34:29 | maharjansunil72 · age_up imperial |
| 34:47 | elsalvadordelaoe · age_up imperial |
| 35:23 | elpanditm · first_building Castle |
| 37:46 | edukratos23 · age_up imperial |
| 39:12 | elsalvadordelaoe · first_building Monastery |
| 39:21 | God Of The Sea People · resign |
| 41:30 | maharjansunil72 · wall_segment Stone Wall x1 |
| 42:11 | maharjansunil72 · wall_segment Stone Wall x6 |
| 42:51 | maharjansunil72 · wall_segment Stone Wall x1 |
[ AI ANALYSIS · 1 CREDIT ]
What really happened in this match?
Wolo.gg analyzes every decision: build order, eco, micro, common mistakes by bracket. Personalized analysis on WhatsApp or Discord in 30 seconds.
Civ guide
Teutons
Perfil
Jugador #9704675